 Dungeon Crawl Stone Soup version bcrawl-1.32 (webtiles) character file.

Game seed: 4398664936532813765

329046 Morbidden the Grappler (level 9, 0/83 HPs)
             Began as a Troll Archaeologist on June 28, 2021.
             Was a Priest of Cheibriados.
             Slain by a white ugly thing (29 damage)
             ... on level 6 of the Dungeon.
             The game lasted 00:09:23 (5282 turns).

Morbidden the Grappler (Troll Archaeologist)        Turns: 5282, Time: 00:09:23

Health: 0/83       AC:  9    Str: 29    XL:     9   Next: 36%
Magic:  10/10      EV: 13    Int: 22    God:    Cheibriados [***...]
Gold:   115        SH:  0    Dex: 16    Spells: 8/8 levels left

rFire    . . .     SeeInvis .     - Claws (27.8)
rCold    . . .     Gourm    +   (no shield)
rNeg     . . .     Faith    .   (armour unavailable)
rPois    .         Spirit   .   c - +1 hat
rElec    .         Reflect  .   (no cloak)
rCorr    .         Harm     .   (gloves unavailable)
MR       .....                  (boots unavailable)
Stlth    ++........             t - amulet of magic regeneration
HPRegen  0.63/turn              (no ring)
MPRegen  0.37/turn              (no ring)

@: studying Earth Magic, very slow
A: large, almost no armour, claws 3, fast metabolism 3, gourmand, regeneration
1, AC +8
a: Bend Time, Temporal Distortion, Renounce Religion


You were on level 6 of the Dungeon.
You worshipped Cheibriados.
Cheibriados was most pleased with you.
You were very full.

You visited 2 branches of the dungeon, and saw 7 of its levels.
You also visited: Sewer.

You collected 324 gold pieces.
You spent 209 gold pieces at shops.

Inventory:

Hand Weapons
 b - a +0 blowgun
Missiles
 a - 220 javelins (quivered)
 d - 5 curare-tipped needles
 m - 395 sling bullets
 n - 2356 stones
 p - 147 large rocks
 q - 229 poisoned needles
 s - 364 poisoned tomahawks
Armour
 c - a +1 hat (worn)
Jewellery
 t - an amulet of magic regeneration (around neck)
Wands
 F - a wand of digging (9)
Scrolls
 g - 4 scrolls of magic mapping
 h - 4 scrolls of teleportation
 i - a scroll of identify
 k - 5 scrolls of remove curse
 o - a scroll of immolation {unknown}
 y - a scroll of blinking {unknown}
 A - a scroll of fear {unknown}
 B - a scroll of enchant weapon {unknown}
 D - a scroll of enchant armour {unknown}
 E - a scroll of amnesia
Potions
 f - a potion of invisibility {unknown}
 j - 2 potions of curing
 l - a potion of magic {unknown}
 r - a potion of resistance {unknown}
 u - a potion of agility
 v - 2 potions of cancellation {unknown}
 w - a potion of degeneration {unknown}
 z - 3 potions of heal wounds
 C - 5 potions of flight
Comestibles
 e - 14 rations {!d}


   Skills:
 * Level 3.5 Fighting
   Level 1.0 Maces & Flails
 * Level 3.6 Throwing
 * Level 5.4 Dodging
 + Level 2.6 Stealth
 * Level 8.4 Unarmed Combat
 * Level 3.0 Invocations


You had 8 spell levels left.
You didn't know any spells.
Your spell library was empty.

Dungeon Overview and Level Annotations

Branches:
Dungeon (6/12)             Temple (1/1) D:4

Altars:
Ashenzari
Cheibriados
Dithmenos
Elyvilon
Fedhas
Gozag
Hepliaklqana
Lugonu
Makhleb
Nemelex Xobeh
Okawaru
Qazlal
Ru
Sif Muna
Wu Jian
Xom
Zin
The Shining One

Shops:
D:6 *

Annotations:
D:3 Grinder
D:4 2 transporters, Morbidden's ghost, novice OgAc


Innate Abilities, Weirdness & Mutations

You cannot wear most types of armour.
Your thick skin is tough. (AC +8)
You are too large for most types of armour.
You have claws for hands.
Your metabolism is lightning-fast.
You like to eat raw meat.
Your natural rate of healing is unusually fast.


Message History

The white ugly thing closely misses you.
You barely miss the white ugly thing. The white ugly thing misses you.
You closely miss the white ugly thing. You claw the white ugly thing!
You claw the white ugly thing.
The white ugly thing is moderately wounded.
The white ugly thing tail-slaps you. The white ugly thing freezes you!!
You are too injured to fight recklessly!
You are too injured to fight recklessly!
An orc priest comes into view.
It is wielding a +1 flail of crushing and wearing a +0 ring mail of poison resistance.
The orc priest shouts!
You claw the white ugly thing!
The white ugly thing is heavily wounded.
The white ugly thing tail-slaps you but does no damage.
The orc priest mumbles some strange prayers to Beogh against you.
Beogh smites you!
Unknown command.
You scratch the white ugly thing but do no damage.
The white ugly thing is heavily wounded.
The white ugly thing tail-slaps you! The white ugly thing freezes you!!
You die...

###......#...........######
...........#..≈#....)#....#.
...........≈≈≈≈≈........# ..
#........#o≈≈≈≈≈≈#.#..#.....
####...#..≈≈≈≈≈≈≈)..).##....
.....##...≈≈≈.≈≈≈..)#.).....
##..##....≈≈≈≈≈≈≈≈.........#
.#).#..#.#≈≈≈≈≈≈u#.........#
.......#...≈≈≈≈≈@..<...#..##
....#.##...#...#.......####
.......#.#............##
..........#.......#####
......###.#.#...###
........)........#
..)..#####......##
.....##.........###
.....#............#


You could see a white ugly thing and an orc priest.

Vanquished Creatures
  Pikel (D:4)
  A hippogriff (D:4)
  Sigmund (D:6)
  Menkaure (D:6)
  An orc warrior (D:3)
  A slave (D:5)
  An ice beast (D:6)
  A phantom (D:6)
  A necrophage (Sewer)
  2 ogres (D:6)
  A centaur (D:6)
  3 big kobolds
  A scorpion (D:6)
  A howler monkey (D:3)
  2 centaur zombies (D:6)
  A crimson imp (D:6)
  A quasit (D:5)
  2 hounds
  A jelly (D:6)
  An orc priest (D:5)
  4 orc wizards
  A centaur skeleton (D:6)
  2 iguanas (D:6)
  3 worker ants
  3 big kobold zombies (Sewer)
  2 hound skeletons
  A worker ant zombie (D:5)
  5 adders
  4 shadow imps (Sewer)
  2 ufetubi (Sewer)
  3 oozes
  An adder skeleton (D:4)
  An adder zombie (Sewer)
  6 worms
  A dart slug (D:4)
  3 leopard geckos
  16 orcs
  4 bats
  4 giant cockroaches
  9 goblins
  8 hobgoblins
  17 jackals
  24 kobolds
  3 quokkas
  3 ball pythons
  3 frilled lizards
  A jackal skeleton (D:4)
  A kobold zombie (Sewer)
  2 quokka skeletons
  26 rats
188 creatures vanquished.

Vanquished Creatures (others)
  An orc wizard (D:5)
  A worker ant (D:5)
  6 orcs (D:5)
  A ball python (D:5)
9 creatures vanquished.

Grand Total: 197 creatures vanquished

Notes
Turn   | Place    | Note
-------+----------+-------------------------------------------
     0 | D:1      | Morbidden the Troll Archaeologist began the quest for the
                  | Orb.
     0 | D:1      | Reached XP level 1. HP: 18/18 MP: 0/0
   121 | D:1      | Reached XP level 2. HP: 26/26 MP: 1/1
   360 | D:1      | Reached skill level 1 in Fighting
   555 | D:1      | Reached XP level 3. HP: 27/33 MP: 2/2
  1178 | D:2      | Reached skill level 1 in Unarmed Combat
  1314 | D:2      | Reached skill level 1 in Throwing
  1493 | D:2      | Gained mutation: Your natural rate of healing is unusually
                  | fast. [Troll growth]
  1493 | D:2      | Reached XP level 4. HP: 41/41 MP: 3/3
  1536 | D:2      | Got a pitted ivory ring
  1835 | D:2      | Reached skill level 2 in Unarmed Combat
  1892 | D:2      | Identified the ring "Buecyank" {Ice rElec Str+2 Dex-4} (You
                  | found it on level 2 of the Dungeon)
  2374 | D:3      | Found a shattered altar of Ashenzari.
  2459 | D:3      | Noticed an orc warrior
  2489 | D:3      | Killed an orc warrior
  2490 | D:3      | Reached skill level 3 in Unarmed Combat
  2490 | D:3      | Reached XP level 5. HP: 40/49 MP: 4/4
  2490 | D:3      | Identified a scroll of acquirement
  2491 | D:3      | Identified the +0 hat "Riycid" {rElec Str-5 Int+2 Slay+2}
                  | (You acquired it on level 3 of the Dungeon)
  2491 | D:3      | Identified the ring "Qeotz" {rC+ Int+2} (You acquired it on
                  | level 3 of the Dungeon)
  2789 | D:3      | Noticed Grinder
  2879 | D:4      | Found a transporter.
  2879 | D:4      | Noticed Morbidden's ghost (novice OgAc)
  2880 | D:4      | Noticed an ice beast
  2897 | D:3      | Reached XP level 6. HP: 47/57 MP: 5/5
  2939 | D:4      | Noticed a hippogriff
  2949 | D:4      | Killed a hippogriff
  2950 | D:4      | Reached skill level 4 in Unarmed Combat
  2987 | D:4      | Reached XP level 7. HP: 43/65 MP: 6/6
  3029 | D:4      | Found a glowing golden altar of the Shining One.
  3102 | D:4      | Found a transporter.
  3126 | D:4      | Found a shadowy altar of Dithmenos.
  3227 | D:4      | Found a staircase to the Ecumenical Temple.
  3426 | Temple   | Entered the Ecumenical Temple
  3495 | Temple   | Became a worshipper of Cheibriados the Contemplative
  3693 | D:5      | Entered Level 5 of the Dungeon
  3738 | D:5      | Found a burning altar of Makhleb.
  3738 | D:5      | Found a shimmering altar of Xom.
  3742 | D:5      | Noticed Pikel
  3766 | D:4      | Killed Pikel
  3767 | D:4      | Reached skill level 6 in Unarmed Combat
  3767 | D:4      | Reached skill level 1 in Invocations
  3767 | D:4      | Reached XP level 8. HP: 74/74 MP: 6/8
  3778 | D:5      | Found a sparkling altar of Nemelex Xobeh.
  3941 | D:5      | Reached * piety under Cheibriados
  3976 | D:5      | Found a burning altar of Makhleb.
  3976 | D:5      | Found a glowing silver altar of Zin.
  3977 | D:5      | Noticed an angel
  3977 | D:5      | Noticed a green death
  4271 | D:6      | Found a glowing drain.
  4299 | Sewer    | Entered a sewer
  4376 | Sewer    | Reached ** piety under Cheibriados
  4460 | Sewer    | Reached skill level 7 in Unarmed Combat
  4471 | Sewer    | Found an ancient bone altar of Kikubaaqudgha.
  4758 | D:6      | Found an opulent altar of Gozag.
  4776 | D:6      | Noticed Menkaure
  4784 | D:6      | Noticed Sigmund
  4797 | D:6      | Reached *** piety under Cheibriados
  4804 | D:6      | Killed Sigmund
  4805 | D:6      | Reached skill level 5 in Dodging
  4805 | D:6      | Reached XP level 9. HP: 33/83 MP: 9/9
  4811 | D:6      | Reached skill level 8 in Unarmed Combat
  4932 | D:6      | Found an iron altar of Okawaru.
  5019 | D:6      | Killed Menkaure
  5087 | D:6      | Found Gieg's Assorted Antiques.
  5096 | D:6      | Bought a potion of heal wounds for 95 gold pieces
  5096 | D:6      | Bought a scroll of teleportation for 57 gold pieces
  5096 | D:6      | Bought a scroll of teleportation for 57 gold pieces
  5273 | D:6      | Noticed a white ugly thing
  5282 | D:6      | Slain by a white ugly thing

Skill      XL: |  1  2  3  4  5  6  7  8  9 |
---------------+----------------------------+-----
Fighting       | 1 2 3 |  3.5
Stealth        | 2 |  2.6
Dodging        | 3 4 5 |  5.4
Unarmed Combat | 1 3 4 6 7 8 |  8.4
Throwing       | 1 2 3 |  3.6
Invocations    | 1 2 3 |  3.0
Maces & Flails | |  1.0

Action                   |  1- 3 |  4- 6 |  7- 9 || total
-------------------------+-------+-------+-------++-------
Melee: Unarmed           |   126 |   120 |   322 ||   568
       Whip              |     7 |       |       ||     7
       Punch             |       |       |    10 ||    10
 Fire: Blowgun           |       |     6 |       ||     6
Throw: Stone             |    27 |    12 |       ||    39
       Javelin           |       |     4 |    17 ||    21
       Tomahawk          |       |       |     4 ||     4
  Use: Scroll            |       |     3 |     4 ||     7
       Potion            |       |       |     3 ||     3
 Stab: Sleeping          |     3 |     3 |     2 ||     8
  Eat: Chunk             |    18 |    12 |    20 ||    50
Armor: Skin              |    48 |    51 |   159 ||   258
Dodge: Dodged            |    81 |    70 |   236 ||   387
